| TOP OF THE 1ST |
|
Kingsport Mets batting - Pitching for Billings Mustangs : RHP Larry McPhee
|
|
Pitching: RHP Larry McPhee
|
|
|
Batting: SHB Tyler Maddux
|
0-0: Called Strike 0-1: Ball 1-1: SINGLE (Flyball, 9LS, EV 96.2 MPH)
|
|
Batting: LHB Jeremy Moorehead
|
0-0: Ball 1-0: Ball Tyler Maddux is caught stealing 2nd base 2-6 2-0: Called Strike 2-1: Ball 3-1: Called Strike 3-2: Base on Balls
|
|
Batting: LHB Dan Bremseth
|
0-0: Fly out, F9 (Line Drive, 89M, EV 83.1 MPH)
|
|
Batting: LHB Miguel Ramos
|
0-0: Foul Ball, location: 2F 0-1: Called Strike Jeremy Moorehead steals 2nd base 0-2: Ball 1-2: Strikes out swinging
|
| Top of the 1st over - 0 runs, 1 hit, 0 errors, 1 left on base; Kingsport 0 - Billings 0 |
| BOTTOM OF THE 1ST |
|
Billings Mustangs batting - Pitching for Kingsport Mets : RHP Raymundo Pato
|
|
Pitching: RHP Raymundo Pato
|
|
|
Batting: LHB Brian Dickeson
|
0-0: Called Strike 0-1: Ball 1-1: Ball 2-1: Ball 3-1: Base on Balls
|
|
Batting: LHB Matt Kennedy
|
0-0: Called Strike 0-1: Ball Brian Dickeson steals 2nd base 1-1: Swinging Strike 1-2: Ball 2-2: Foul Ball, location: 2F 2-2: Ball 3-2: Foul Ball, location: 2F 3-2: Base on Balls
|
|
Batting: SHB David Garnica
|
0-0: Called Strike 0-1: Ball 1-1: SINGLE (Groundball, 4MD, EV 106.9 MPH) Brian Dickeson to third Matt Kennedy to second
|
|
Batting: LHB Jeremy Robertson
|
0-0: Ball Wild Pitch! Brian Dickeson scores Matt Kennedy to third David Garnica to second 1-0: Ball Passed Ball! Matt Kennedy scores David Garnica to third 2-0: Ball 3-0: Foul Ball, location: 2F 3-1: Base on Balls
|
|
Batting: RHB Yutaka Sato
|
0-0: Foul Ball, location: 2F 0-1: Called Strike 0-2: Foul Ball, location: 2F 0-2: Foul Ball, location: 2F 0-2: Ball Wild Pitch! David Garnica scores Jeremy Robertson to second 1-2: Hit by Pitch
|
|
Batting: RHB Fred Barbour
|
0-0: Called Strike Jeremy Robertson steals 3rd, throwing error, E2 Jeremy Robertson scores Yutaka Sato to third 0-1: Ball 1-1: Called Strike 1-2: Foul Ball, location: 2F 1-2: Ground out 5-3 (Groundball, 56, EV 91.9 MPH) Yutaka Sato scores
|
|
Batting: LHB Armando Arellano
|
0-0: Ground out 6-3 (Groundball, 6, EV 81.2 MPH)
|
|
Batting: LHB Elijah Benton
|
0-0: Foul Ball, location: 2F 0-1: Foul Ball, location: 2F 0-2: Ground out 4-3 (Groundball, 4M, EV 92.5 MPH)
|
| Bottom of the 1st over - 5 runs, 1 hit, 1 error, 0 left on base; Kingsport 0 - Billings 5 |
| TOP OF THE 2ND |
|
Kingsport Mets batting - Pitching for Billings Mustangs : RHP Larry McPhee
|
|
Batting: RHB Coltin Nellis
|
0-0: Ball 1-0: Ball 2-0: Swinging Strike 2-1: Foul Ball, location: 2F 2-2: Ball 3-2: Strikes out looking
|
|
Batting: RHB Danny Runberg
|
0-0: Swinging Strike 0-1: Foul Ball, location: 2F 0-2: Foul Ball, location: 2F 0-2: Ball 1-2: Strikes out swinging
|
|
Batting: LHB Jason Jones
|
0-0: Ground out 4-3 (Groundball, 4, EV 80.0 MPH)
|
| Top of the 2nd over - 0 runs, 0 hits, 0 errors, 0 left on base; Kingsport 0 - Billings 5 |
| BOTTOM OF THE 2ND |
|
Billings Mustangs batting - Pitching for Kingsport Mets : RHP Raymundo Pato
|
|
Batting: RHB Al Blanchard
|
0-0: Fly out, F9 (Flyball, 9, EV 91.2 MPH)
|
|
Batting: LHB Brian Dickeson
|
0-0: Called Strike 0-1: Foul Ball, location: 2F 0-2: Ball 1-2: Ball 2-2: Foul Ball, location: 2F 2-2: Strikes out swinging, 2-3 out at first.
|
|
Batting: LHB Matt Kennedy
|
0-0: Called Strike 0-1: Foul Ball, location: 2F 0-2: Ball 1-2: Foul Ball, location: 2F 1-2: SOLO HOME RUN (Flyball, 7LD, EV 96.9 MPH), Distance : 346 ft
|
|
Batting: SHB David Garnica
|
0-0: Called Strike 0-1: Ball 1-1: SOLO HOME RUN (Flyball, 8RXD, EV 109.4 MPH), Distance : 433 ft
|
|
Batting: LHB Jeremy Robertson
|
0-0: Ball 1-0: Foul Ball, location: 2F 1-1: Called Strike 1-2: DOUBLE (Line Drive, 89M, EV 110.0 MPH)
|
|
Batting: RHB Yutaka Sato
|
0-0: Ball 1-0: Ball Passed Ball! Jeremy Robertson to third 2-0: Foul Ball, location: 2F 2-1: Swinging Strike 2-2: Foul Ball, location: 2F 2-2: Foul Ball, location: 2F 2-2: Foul Ball, location: 2F 2-2: Strikes out swinging
|
| Bottom of the 2nd over - 2 runs, 3 hits, 0 errors, 1 left on base; Kingsport 0 - Billings 7 |
| TOP OF THE 3RD |
|
Kingsport Mets batting - Pitching for Billings Mustangs : RHP Larry McPhee
|
|
Batting: RHB Chris Graham
|
0-0: Ball 1-0: Ball 2-0: Foul Ball, location: 2F 2-1: Called Strike 2-2: Fly out, F8 (Flyball, 8RD, EV 102.5 MPH)
|
|
Batting: RHB Roberto Delgado
|
0-0: Ball 1-0: Called Strike 1-1: Ball 2-1: Foul Ball, location: 2F 2-2: Strikes out looking
|
|
Batting: SHB Tyler Maddux
|
0-0: Called Strike 0-1: Ball 1-1: DOUBLE (Line Drive, 5D, EV 104.4 MPH)
|
|
Batting: LHB Jeremy Moorehead
|
0-0: 2-RUN HOME RUN (Flyball, 78XD, EV 105.0 MPH), Distance : 410 ft
|
|
Batting: LHB Dan Bremseth
|
0-0: Foul Ball, location: 2F 0-1: Ball 1-1: Ball 2-1: Foul Ball, location: 2F 2-2: Strikes out looking
|
| Top of the 3rd over - 2 runs, 2 hits, 0 errors, 0 left on base; Kingsport 2 - Billings 7 |
| BOTTOM OF THE 3RD |
|
Billings Mustangs batting - Pitching for Kingsport Mets : RHP Raymundo Pato
|
|
Batting: RHB Fred Barbour
|
0-0: Ball 1-0: Foul Ball, location: 2F 1-1: Swinging Strike 1-2: SOLO HOME RUN (Flyball, 7D, EV 96.2 MPH), Distance : 379 ft
|
|
Pitching: RHP Antonio Reyes
|
|
|
Batting: LHB Armando Arellano
|
0-0: Hit by Pitch
|
|
Batting: LHB Elijah Benton
|
0-0: Ball 1-0: Called Strike 1-1: Ball Passed Ball! Armando Arellano to second 2-1: Swinging Strike 2-2: Ball 3-2: Foul Ball, location: 2F 3-2: Foul Ball, location: 2F 3-2: Foul Ball, location: 2F 3-2: Base on Balls
|
|
Batting: RHB Al Blanchard
|
0-0: Foul Ball, location: 2F 0-1: Ball 1-1: Fly out, F4 (Line Drive, 4, EV 68.1 MPH) Lined into DP, 4-3 (Line Drive, 4, EV 70.6 MPH)
|
|
Batting: LHB Brian Dickeson
|
0-0: Ball Passed Ball! Armando Arellano to third 1-0: Ball 2-0: Ball Passed Ball! Armando Arellano scores 3-0: Base on Balls
|
|
Batting: LHB Matt Kennedy
|
0-0: Swinging Strike 0-1: Ball 1-1: Ball 2-1: Ball 3-1: Fly out, F7 (Flyball, 7S, EV 88.1 MPH)
|
| Bottom of the 3rd over - 2 runs, 1 hit, 0 errors, 1 left on base; Kingsport 2 - Billings 9 |
| TOP OF THE 4TH |
|
Kingsport Mets batting - Pitching for Billings Mustangs : RHP Larry McPhee
|
|
Batting: LHB Miguel Ramos
|
0-0: Ball 1-0: Swinging Strike 1-1: Called Strike 1-2: Ball 2-2: Ball 3-2: Fly out, F9 (Flyball, 9D, EV 104.4 MPH)
|
|
Batting: RHB Coltin Nellis
|
0-0: Ball 1-0: Ball 2-0: Ball 3-0: Called Strike 3-1: Ground out U3 (Groundball, 34, EV 84.4 MPH)
|
|
Batting: RHB Danny Runberg
|
0-0: Called Strike 0-1: Ball 1-1: Ball 2-1: Foul Ball, location: 2F 2-2: SINGLE (Groundball, 13S, EV 75.6 MPH) (infield hit)
|
|
Batting: LHB Jason Jones
|
0-0: Ball 1-0: Ball 2-0: Swinging Strike 2-1: Foul Ball, location: 2F 2-2: Ball 3-2: Ground out U3 (Groundball, 3L, EV 100.0 MPH)
|
| Top of the 4th over - 0 runs, 1 hit, 0 errors, 1 left on base; Kingsport 2 - Billings 9 |
| BOTTOM OF THE 4TH |
|
Billings Mustangs batting - Pitching for Kingsport Mets : RHP Antonio Reyes
|
|
Batting: SHB David Garnica
|
0-0: Called Strike 0-1: Ball 1-1: Foul Ball, location: 2F 1-2: Foul Ball, location: 2F 1-2: Foul Ball, location: 2F 1-2: Strikes out swinging
|
|
Pitching: LHP Tony Diaz
|
|
|
Batting: LHB Jeremy Robertson
|
0-0: Ball 1-0: Swinging Strike 1-1: Foul Ball, location: 2F 1-2: Ball 2-2: Foul Ball, location: 2F 2-2: Ball 3-2: Foul Ball, location: 2F 3-2: DOUBLE (Line Drive, 78M, EV 101.2 MPH)
|
|
Batting: RHB Yutaka Sato
|
0-0: Called Strike 0-1: Ball 1-1: Ball 2-1: Fly out, F4 (Popup, 3S, EV 86.2 MPH)
|
|
Batting: RHB Fred Barbour
|
0-0: Ball Passed Ball! Jeremy Robertson to third 1-0: Called Strike 1-1: Ground out 6-3 (Groundball, 56, EV 76.2 MPH)
|
| Bottom of the 4th over - 0 runs, 1 hit, 0 errors, 1 left on base; Kingsport 2 - Billings 9 |
| TOP OF THE 5TH |
|
Kingsport Mets batting - Pitching for Billings Mustangs : RHP Larry McPhee
|
|
Batting: RHB Chris Graham
|
0-0: Called Strike 0-1: Called Strike 0-2: Ball 1-2: Ball 2-2: Reached on error, E5 (Groundball, 5, EV 94.4 MPH)
|
|
Batting: RHB Roberto Delgado
|
0-0: Called Strike 0-1: Ball 1-1: Called Strike 1-2: Ball 2-2: Strikes out swinging
|
|
Batting: SHB Tyler Maddux
|
0-0: Ball 1-0: Ball 2-0: Ball 3-0: Base on Balls Chris Graham to second
|
|
Batting: LHB Jeremy Moorehead
|
0-0: Swinging Strike 0-1: Ball 1-1: Ball 2-1: Ball 3-1: Base on Balls Chris Graham to third Tyler Maddux to second
|
|
Batting: LHB Dan Bremseth
|
0-0: Fly out, F9 (Flyball, 9S, EV 88.1 MPH)
|
|
Batting: LHB Miguel Ramos
|
0-0: Ball 1-0: Ball 2-0: Ball 3-0: Called Strike 3-1: Foul Ball, location: 2F 3-2: Ground out U3 (Groundball, 3S, EV 88.1 MPH)
|
| Top of the 5th over - 0 runs, 0 hits, 1 error, 3 left on base; Kingsport 2 - Billings 9 |
| BOTTOM OF THE 5TH |
|
Billings Mustangs batting - Pitching for Kingsport Mets : LHP Tony Diaz
|
|
Batting: LHB Armando Arellano
|
0-0: Foul Ball, location: 2F 0-1: Ball 1-1: Ball 2-1: Foul Ball, location: 2F 2-2: Ball 3-2: Foul Ball, location: 2F 3-2: Fly out, F7 (Flyball, 78M, EV 84.4 MPH)
|
|
Pitching: RHP Rob Fennell
|
|
|
Batting: LHB Elijah Benton
|
0-0: Ball 1-0: Ground out 6-3 (Groundball, 6, EV 88.1 MPH)
|
|
Batting: RHB Al Blanchard
|
0-0: Ground out 1-3 (Groundball, 13S, EV 63.8 MPH)
|
| Bottom of the 5th over - 0 runs, 0 hits, 0 errors, 0 left on base; Kingsport 2 - Billings 9 |
| TOP OF THE 6TH |
|
Kingsport Mets batting - Pitching for Billings Mustangs : RHP Larry McPhee
|
|
Batting: RHB Coltin Nellis
|
0-0: Ball 1-0: Fly out, F4 (Line Drive, 4, EV 61.9 MPH)
|
|
Batting: RHB Danny Runberg
|
0-0: Foul Ball, location: 2F 0-1: Foul Ball, location: 2F 0-2: Foul Ball, location: 2F 0-2: Foul Ball, location: 2F 0-2: Foul Ball, location: 2F 0-2: Ball 1-2: Strikes out swinging
|
|
Pitching: LHP Jason St. Clair
|
|
|
Batting: LHB Jason Jones
|
0-0: Ball 1-0: SOLO HOME RUN (Flyball, 9LD, EV 95.6 MPH), Distance : 379 ft
|
|
Batting: RHB Chris Graham
|
0-0: Foul Ball, location: 2F 0-1: Foul Ball, location: 2F 0-2: Strikes out looking
|
| Top of the 6th over - 1 run, 1 hit, 0 errors, 0 left on base; Kingsport 3 - Billings 9 |
| BOTTOM OF THE 6TH |
|
Billings Mustangs batting - Pitching for Kingsport Mets : RHP Rob Fennell
|
|
Batting: LHB Brian Dickeson
|
0-0: Ball 1-0: Ball 2-0: Called Strike 2-1: Foul Ball, location: 2F 2-2: Ball 3-2: Base on Balls
|
|
Batting: LHB Matt Kennedy
|
0-0: Ball 1-0: Ball 2-0: Ball 3-0: Base on Balls Brian Dickeson to second
|
|
Batting: SHB David Garnica
|
0-0: Ball Passed Ball! Brian Dickeson to third Matt Kennedy to second 1-0: Ball 2-0: Foul Ball, location: 2F 2-1: Ball Passed Ball! Brian Dickeson scores Matt Kennedy to third 3-1: Base on Balls
|
|
Pitching: RHP Pat Sprague
|
|
|
Batting: LHB Jeremy Robertson
|
0-0: Ball 1-0: Ball Wild Pitch! Matt Kennedy scores David Garnica to second 2-0: Ball Passed Ball! David Garnica to third 3-0: Base on Balls
|
|
Batting: RHB Yutaka Sato
|
0-0: Ball Passed Ball! David Garnica scores Jeremy Robertson to second 1-0: Called Strike 1-1: Swinging Strike 1-2: Ground out 5-3 (Groundball, 56S, EV 90.6 MPH)
|
|
Batting: RHB Fred Barbour
|
0-0: Foul Ball, location: 2F 0-1: Foul Ball, location: 2F 0-2: Ball Wild Pitch! Jeremy Robertson to third 1-2: Ball 2-2: Ball 3-2: Foul Ball, location: 2F 3-2: Foul Ball, location: 2F 3-2: Base on Balls
|
|
Batting: LHB Armando Arellano
|
0-0: Ball Wild Pitch! Jeremy Robertson scores Fred Barbour to second 1-0: Ball 2-0: Ball 3-0: Called Strike 3-1: Ground out 6-3 (Groundball, 6, EV 85.6 MPH)
|
|
Pitching: LHP Matt Allert
|
|
|
Batting: LHB Elijah Benton
|
0-0: Called Strike 0-1: Ball Passed Ball! Fred Barbour to third 1-1: Ball 2-1: Ground out 4-3 (Groundball, 4MD, EV 84.4 MPH)
|
| Bottom of the 6th over - 4 runs, 0 hits, 0 errors, 1 left on base; Kingsport 3 - Billings 13 |
| TOP OF THE 7TH |
|
Kingsport Mets batting - Pitching for Billings Mustangs : LHP Jason St. Clair
|
|
Batting: RHB Roberto Delgado
|
0-0: Ball 1-0: Ball 2-0: Foul Ball, location: 2F 2-1: Foul Ball, location: 2F 2-2: Hit by Pitch
|
|
Batting: SHB Tyler Maddux
|
0-0: Ball 1-0: Foul Ball, location: 2F 1-1: Foul Ball, location: 2F 1-2: Strikes out swinging
|
|
Batting: LHB Jeremy Moorehead
|
0-0: Called Strike 0-1: Foul Ball, location: 2F 0-2: Ball 1-2: Ball 2-2: Ball 3-2: Strikes out swinging
|
|
Batting: LHB Dan Bremseth
|
0-0: Ball 1-0: Ball 2-0: Ground out 5-3 (Groundball, 56S, EV 78.8 MPH)
|
| Top of the 7th over - 0 runs, 0 hits, 0 errors, 1 left on base; Kingsport 3 - Billings 13 |
| BOTTOM OF THE 7TH |
|
Billings Mustangs batting - Pitching for Kingsport Mets : LHP Matt Allert
|
|
Batting: RHB Al Blanchard
|
0-0: Foul Ball, location: 2F 0-1: Foul Ball, location: 2F 0-2: SINGLE (Line Drive, 6D, EV 99.4 MPH)
|
|
Batting: LHB Brian Dickeson
|
0-0: Ball Passed Ball! Al Blanchard to second 1-0: Foul Ball, location: 2F 1-1: Ball Passed Ball! Al Blanchard to third 2-1: Foul Ball, location: 2F 2-2: 2-RUN HOME RUN (Flyball, 89XD, EV 104.4 MPH), Distance : 408 ft
|
|
Batting: LHB Matt Kennedy
|
0-0: Fly out, F8 (Flyball, 8LM, EV 90.0 MPH)
|
|
Batting: SHB David Garnica
|
0-0: Ball 1-0: Ball 2-0: Ball 3-0: Called Strike 3-1: Fly out, F7 (Line Drive, 78M, EV 105.0 MPH)
|
|
Pitching: RHP Warren Carmichael
|
|
|
Batting: LHB Jeremy Robertson
|
0-0: Ball 1-0: Swinging Strike 1-1: Ball 2-1: Ball 3-1: Base on Balls
|
|
Batting: RHB Yutaka Sato
|
0-0: Ball 1-0: Foul Ball, location: 2F 1-1: Foul Ball, location: 2F 1-2: Strikes out swinging
|
| Bottom of the 7th over - 2 runs, 2 hits, 0 errors, 1 left on base; Kingsport 3 - Billings 15 |
| TOP OF THE 8TH |
|
Kingsport Mets batting - Pitching for Billings Mustangs : LHP Jason St. Clair
|
|
Batting: LHB Miguel Ramos
|
0-0: Swinging Strike 0-1: Swinging Strike 0-2: Ball 1-2: SINGLE (Line Drive, 9S, EV 101.2 MPH)
|
|
Batting: RHB Coltin Nellis
|
0-0: Called Strike 0-1: Foul Ball, location: 2F 0-2: Strikes out swinging
|
|
Batting: RHB Danny Runberg
|
0-0: Ball 1-0: Swinging Strike 1-1: Swinging Strike 1-2: Ball 2-2: Foul Ball, location: 2F 2-2: Ball 3-2: Base on Balls Miguel Ramos to second
|
|
Batting: LHB Jason Jones
|
0-0: Ball 1-0: Swinging Strike 1-1: Foul Ball, location: 2F 1-2: Ball 2-2: Fly out, F9 (Line Drive, 9, EV 96.9 MPH)
|
|
Pitching: RHP Mario Gomez
|
|
|
Batting: RHB Chris Graham
|
0-0: Ball 1-0: Foul Ball, location: 2F 1-1: Fly out, F9 (Flyball, 9LSF, EV 73.8 MPH)
|
| Top of the 8th over - 0 runs, 1 hit, 0 errors, 2 left on base; Kingsport 3 - Billings 15 |
| BOTTOM OF THE 8TH |
|
Billings Mustangs batting - Pitching for Kingsport Mets : RHP Warren Carmichael
|
|
Batting: RHB Fred Barbour
|
0-0: Swinging Strike 0-1: Foul Ball, location: 2F 0-2: Foul Ball, location: 2F 0-2: Fly out, F9 (Flyball, 89D, EV 94.4 MPH)
|
|
Batting: LHB Armando Arellano
|
0-0: Ball 1-0: Ball 2-0: Ball 3-0: Swinging Strike 3-1: Ground out 6-3 (Groundball, 6, EV 86.9 MPH)
|
|
Batting: LHB Elijah Benton
|
0-0: Foul Ball, location: 2F 0-1: Foul Ball, location: 2F 0-2: Ball 1-2: DOUBLE (Line Drive, 3D, EV 96.2 MPH)
|
|
Pinch Hitting: RHB Andy Bachman
|
0-0: Ball 1-0: Ball 2-0: Ball Wild Pitch! Elijah Benton to third Balk! Elijah Benton scores 3-0: Base on Balls
|
|
Batting: LHB Brian Dickeson
|
0-0: Swinging Strike Passed Ball! Andy Bachman to second 0-1: Foul Ball, location: 2F 0-2: Ball 1-2: Ground out 1-3 (Groundball, 15S, EV 63.8 MPH)
|
| Bottom of the 8th over - 1 run, 1 hit, 0 errors, 1 left on base; Kingsport 3 - Billings 16 |
| TOP OF THE 9TH |
|
Kingsport Mets batting - Pitching for Billings Mustangs : RHP Mario Gomez
|
|
Now at 3B: Gustavo Froio
|
|
|
Batting: RHB Roberto Delgado
|
0-0: Called Strike 0-1: Foul Ball, location: 2F 0-2: Hit by Pitch
|
|
Batting: SHB Tyler Maddux
|
0-0: Ball Wild Pitch! Roberto Delgado to second 1-0: SINGLE (Line Drive, 89M, EV 100.6 MPH) Roberto Delgado to third
|
|
Batting: LHB Jeremy Moorehead
|
0-0: Ground out U3 (Groundball, 3L, EV 106.2 MPH) Roberto Delgado scores Tyler Maddux to second
|
|
Batting: LHB Dan Bremseth
|
0-0: Ball 1-0: Foul Ball, location: 2F 1-1: Ball Wild Pitch! Tyler Maddux to third 2-1: Called Strike 2-2: Foul Ball, location: 2F 2-2: Ball 3-2: Base on Balls
|
|
Batting: LHB Miguel Ramos
|
0-0: Swinging Strike 0-1: Swinging Strike 0-2: Ball 1-2: 3-RUN HOME RUN (Flyball, 78XD, EV 100.0 MPH), Distance : 391 ft
|
|
Batting: RHB Coltin Nellis
|
0-0: Ball 1-0: Foul Ball, location: 2F 1-1: Ball 2-1: SINGLE (Line Drive, 7S, EV 98.8 MPH)
|
|
Batting: RHB Danny Runberg
|
0-0: Ball Wild Pitch! Coltin Nellis to second 1-0: Ball 2-0: Ball 3-0: Base on Balls
|
|
Batting: LHB Jason Jones
|
0-0: Ball 1-0: Ball 2-0: SINGLE (Flyball, 89S, EV 95.0 MPH) Coltin Nellis to third Danny Runberg to second
|
|
Batting: RHB Chris Graham
|
0-0: Ball 1-0: Ball 2-0: SINGLE (Groundball, 56D, EV 98.8 MPH) Coltin Nellis scores Danny Runberg to third Jason Jones to second
|
|
Batting: RHB Roberto Delgado
|
0-0: Ball 1-0: Fly out, F9 (Flyball, 9LM, EV 95.6 MPH) Runner from 3rd tags up, SCORES, no throw by RF
|
|
Batting: SHB Tyler Maddux
|
0-0: SINGLE (Line Drive, 8RS, EV 91.9 MPH) Jason Jones to third Chris Graham to second
|
|
Batting: LHB Jeremy Moorehead
|
0-0: Fielders Choice at 2nd, 6-4 (Groundball, 6, EV 86.9 MPH)
|
| Top of the 9th over - 6 runs, 6 hits, 0 errors, 3 left on base; Kingsport 9 - Billings 16 |
|